 Dungeon Crawl Stone Soup version 0.31-a0-217-g58bb5d79cf (webtiles) character file.

Game seed: 14301659098928093009

3371 promet the Basher (level 10, -8/65 HPs)
             Began as a Gargoyle Fighter on July 2, 2023.
             Was an Initiate of Ashenzari.
             Mangled by a sun demon (11 damage)
             ... summoned by an obsidian statue
             ... on level 9 of the Dungeon on July 3, 2023.
             The game lasted 00:40:39 (9864 turns).

promet the Basher (Gargoyle Fighter)                Turns: 9864, Time: 00:40:39

Health: -8/65      AC: 18    Str: 27    XL:     10   Next: 3%
Magic:  10/10      EV: 17    Int: 15    God:    Ashenzari [......]
Gold:   1023       SH:  4    Dex:  9    Spells: 9/9 levels left

rFire   . . .        a - +1 flail (heavy)
rCold   . . .        c - +0 buckler
rNeg    + . .        K - +0 steam dragon scales
rPois   ∞            F - +0 helmet
rElec   +            (no cloak)
rCorr   +            x - +2 pair of gloves
SInv    .            (no boots)
Will    .....        t - amulet of regeneration
Stlth   +            I - ring "Dunuujak" {rCorr EV+5}
HPRegen 1.10/turn    w - ring "Leif" {Str+3 Int+6 Slay+6}
MPRegen 0.12/turn

%: no passive effects
@: no status effects
A: sickness immunity, AC +7, negative energy resistance 1, electricity
resistance, torment resistance 1, petrification resistance
a: Renounce Religion, Curse Item


You were on level 9 of the Dungeon.
You worshipped Ashenzari.
Ashenzari was noncommittal.
You visited 2 branches of the dungeon, and saw 10 of its levels.

You collected 1098 gold pieces.
You spent 75 gold pieces at shops.

Inventory:

Hand Weapons
 a - a +1 heavy flail (weapon)
 b - a +0 sling
 d - a +0 orcbow
 k - a +0 rapier
 u - a +2 trident of protection
Missiles
 e - 74 stones
 m - 6 datura-tipped darts
 q - 26 poisoned darts
 v - 3 throwing nets (quivered)
Armour
 c - a +0 buckler (worn)
 n - a +0 scale mail
 x - a +2 pair of gloves (worn)
 F - a +0 helmet (worn)
 K - +0 steam dragon scales (worn)
Jewellery
 i - an amulet of magic regeneration
 j - a ring of willpower
 l - a ring of protection from fire
 r - a ring of ice
 t - an amulet of regeneration (around neck)
 w - the ring "Leif" (right hand) {Str+3 Int+6 Slay+6}
   (You acquired it on level 7 of the Dungeon)

   [ring of intelligence]

   Str:       It affects your strength (+3).
   Int:       It affects your intelligence (+6).
   Slay:      It affects your accuracy & damage with ranged weapons and melee
   (+6).
 I - the ring "Dunuujak" (left hand) {rCorr EV+5}
   (You found it on level 8 of the Dungeon)

   [ring of evasion]

   EV:        It affects your evasion (+5).
   rCorr:     It protects you from acid and corrosion.
 L - a ring of ice
Scrolls
 y - a scroll of fog
 z - a scroll of vulnerability {unknown}
 A - a scroll of revelation
 C - a scroll of teleportation
 D - a scroll of identify
 G - a scroll of poison
 J - a scroll of fear
Potions
 f - 3 potions of mutation
 g - 2 potions of enlightenment
 h - 2 potions of heal wounds
 o - 2 potions of haste
 p - 2 potions of ambrosia
 s - 3 potions of curing
 B - a potion of lignification
 H - a potion of attraction {unknown}


   Skills:
 * Level 8.5 Fighting
 + Level 8.6 Maces & Flails
 + Level 1.9 Polearms
 + Level 0.3 Throwing
 + Level 7.3 Armour
 + Level 3.1 Dodging
 + Level 1.2 Stealth
 + Level 5.0 Shields


You had 9 spell levels left.
You didn't know any spells.
Your spell library contained the following spells:

 Spells                   Type           Power      Damage    Failure   Level
 Necrotise                Necr           0%         1d4       30%         1
 Portal Projectile        Hex/Tloc       0%         N/A       67%         3
 Tukima's Dance           Hex            0%         N/A       67%         3
 Vampiric Draining        Necr           0%         2d6       67%         3
 Agony                    Necr           0%         N/A       100%        5
 Blade Hands              Tmut           0%         N/A       100%        5


Dungeon Overview and Level Annotations

Branches:
Dungeon (9/15)             Temple (1/1) D:6
   Lair: D:8-11         Orc: D:9-12

Altars:
Ashenzari
Cheibriados
Dithmenos
Elyvilon
Fedhas
Gozag
Kikubaaqudgha
Makhleb
Nemelex Xobeh
Okawaru
Ru
Sif Muna
Trog
Uskayaw
Vehumet
Wu Jian
Xom
Yredelemnul
Zin
The Shining One

Shops:
D:3 (

Annotations:
D:7 2 transporters, Leavold's ghost, novice TeDe
D:9 exclusion: obsidian statue


Innate Abilities, Weirdness & Mutations

You are immune to sickness and miasma.
Your stone body is resilient. (AC +7)
You are immune to poison.
You resist negative energy. (rN+)
You are resistant to electric shocks. (rElec)
You are resistant to unholy torment.
You are immune to petrification.


Message History

The howler monkey hoots and howls with incredible vigour!
You hear two shouts!
You hear a bellow! x4; You hear an angry buzzing noise.
You hear a shout!
You hear an angry buzzing noise. x2; You hear a shout!
You hear an angry buzzing noise.
You sock the howler monkey!
The howler monkey is almost dead.
The howler monkey hoots and howls with incredible vigour!
The howler monkey misses you.
The howler monkey hoots and howls with incredible vigour!
The howler monkey misses you.
You hear a shout!
You bludgeon the howler monkey!!
You kill the howler monkey!
You block the howler monkey's attack.
You crush the howler monkey like a grape!!!
You kill the howler monkey!
The howler monkey hoots and howls with incredible vigour!
You hear a shout!
You hear a bellow!
Your Shields skill increases to level 5!
You bludgeon the sun demon!!
The sun demon is heavily wounded.
You block the sun demon's attack. The sun demon hits you!
You are engulfed in flames!!
The red devil hits you but does no damage.
You're wearing all the rings you can.
Remove which one? (? for menu, Esc to cancel) < or
I - the ring "Dunuujak" {rCorr EV+5} > or
w - the ring "Leif" {Str+3 Int+6 Slay+6}
Okay, then.
You closely miss the sun demon.
The sun demon is heavily wounded.
The sun demon hits you!!
You are engulfed in flames!
* * * LOW HITPOINT WARNING * * *
The red devil misses you. You block the sun demon's attack.
The red devil hits you but does no damage.
As you read the scroll of summoning, it crumbles to dust.
Wisps of shadow whirl around you... The sun demon hits you.
* * * LOW HITPOINT WARNING * * *
You are engulfed in flames!
You die...

#. ###..# .. ....#
#. #.## #. #/#<##
##. #.###.## #.(#.#
##.## #..4## ##.#
#...#3## ##.##
#....##@###.##
#h$... ##g#..#
#..h... ##g#.#
.....#.....gg......
48..##[######g#####
...# #. #.# #.# ..#
.#


You could see a sun demon (summoned, ally target), a red devil (summoned), a
friendly gnoll sergeant (summoned) and 4 friendly gnolls.

Vanquished Creatures
  A troll (D:9)
  A vampire (D:8)
  A steam dragon (D:8)
  4 vampire mosquitoes (D:7)
  An acid dragon (D:8)
  An ice beast (D:5)
  A black bear (D:5)
  An ogre (D:5)
  4 centaurs
  A phantom (D:7)
  3 kobold brigands
  A bullfrog (D:6)
  2 gnoll sergeants (D:7)
  2 scorpions (D:5)
  3 killer bees (D:8)
  2 howler monkeys (D:9)
  5 hounds
  A jelly (D:5)
  An orc priest (D:6)
  Natasha (thrice) (D:4)
  4 iguanas
  6 orc wizards
  12 gnolls
  10 adders
  3 shadow imps
  2 white imps
  An ufetubus (D:6)
  A worm (D:2)
  2 dart slugs
  18 orcs
  3 ball pythons
  6 endoplasms
  4 giant cockroaches
  6 goblins
  9 hobgoblins
  3 jackals (D:5)
  5 quokkas
  5 bats
  A frilled lizard (D:1)
  18 kobolds
  3 rats
161 creatures vanquished.

Vanquished Creatures (collateral kills)
  A gnoll (D:4)
1 creature vanquished.

Vanquished Creatures (others)
  An orc wizard (D:8)
1 creature vanquished.

Grand Total: 163 creatures vanquished

Notes
Turn   | Place    | Note
-------+----------+-------------------------------------------
     0 | D:1      | promet the Gargoyle Fighter began the quest for the Orb.
     0 | D:1      | Reached XP level 1. HP: 14/14 MP: 1/1
   170 | D:1      | Reached XP level 2. HP: 12/19 MP: 2/2
   210 | D:1      | Found a faded altar of an unknown god.
   957 | D:2      | Reached XP level 3. HP: 23/23 MP: 3/3
  1493 | D:2      | Reached XP level 4. HP: 17/29 MP: 4/4
  2069 | D:3      | Identified a scroll of acquirement
  2069 | D:3      | Acquired 706 gold pieces
  2603 | D:3      | Found Ycekkoq's Weapon Shoppe.
  2615 | D:3      | Bought 6 datura-tipped darts for 75 gold pieces
  2975 | D:3      | Reached XP level 5. HP: 12/33 MP: 5/5
  4156 | D:4      | Reached XP level 6. HP: 34/40 MP: 6/6
  4528 | D:4      | Noticed Natasha
  4539 | D:4      | Killed Natasha
  4540 | D:4      | Reached skill level 5 in Fighting
  4622 | D:4      | Noticed Natasha
  4650 | D:4      | Killed Natasha
  4861 | D:4      | Noticed Natasha
  4868 | D:4      | Killed Natasha
  5033 | D:5      | Entered Level 5 of the Dungeon
  5033 | D:5      | Noticed a black bear
  5036 | D:5      | Killed a black bear
  5036 | D:5      | Noticed an ice beast
  5037 | D:5      | Reached skill level 5 in Armour
  5044 | D:5      | Killed an ice beast
  5045 | D:5      | Reached skill level 1 in Dodging
  5045 | D:5      | Reached XP level 7. HP: 26/44 MP: 7/7
  5487 | D:5      | Reached skill level 5 in Maces & Flails
  5875 | D:5      | Reached XP level 8. HP: 38/51 MP: 8/8
  6540 | D:6      | Found a shadowy altar of Dithmenos.
  6692 | D:6      | Found an ancient bone altar of Kikubaaqudgha.
  6738 | D:6      | Found a sparkling altar of Nemelex Xobeh.
  7016 | D:6      | Found a staircase to the Ecumenical Temple.
  7022 | Temple   | Entered the Ecumenical Temple
  7110 | Temple   | Became a worshipper of Ashenzari the Shackled
  7845 | D:7      | Acquired the ring "Leif" {Str+3 Int+6 Slay+6}
  8061 | D:7      | Reached skill level 1 in Stealth
  8061 | D:7      | Reached XP level 9. HP: 56/56 MP: 9/9
  8067 | D:7      | Reached skill level 1 in Polearms
  8267 | D:7      | Found a sacrificial altar of Ru.
  8326 | D:7      | Found a transporter.
  8329 | D:7      | Found a transporter.
  8335 | D:7      | Found a bloodstained altar of Trog.
  8335 | D:7      | Noticed a moth of wrath
  8348 | D:7      | Noticed Leavold's ghost (novice TeDe)
  9170 | D:8      | Found a shimmering altar of Xom.
  9170 | D:8      | Found a shimmering blue altar of Sif Muna.
  9174 | D:8      | Identified the ring "Dunuujak" {rCorr EV+5}
  9842 | D:9      | Noticed a troll
  9849 | D:9      | Killed a troll
  9850 | D:9      | Reached XP level 10. HP: 65/65 MP: 10/10
  9854 | D:9      | Noticed an obsidian statue
  9859 | D:9      | Noticed a sun demon
  9862 | D:9      | Reached skill level 5 in Shields
  9864 | D:9      | HP: 3/65 [sun demon[an obsidian statue] (3)]
  9864 | D:9      | Mangled by a sun demon

Illustrated notes

Levels and vault maps discovered:
D:1:      heliophobic_arrival_dark_side_of_the_moon, layout_basic,
          shapermc_ecumenical_altar_mp_highgroup
D:2:      layout_basic
D:3:      layout_basic, serial_shops, shop, minmay_misc_feat_pillars
D:4:      layout_loops_corners, grunt_ministairs_3, uniq_natasha
D:5:      layout_loops_corners, kennysheep_path_1, st_stairs_3,
          minmay_chambers_of_fives
D:6:      layout_basic, mainiacjoe_overflow_boulevard,
          mainiacjoe_overflow_large_starburst,
          minmay_temple_entry_enclosed_plants
D:7:      layout_loops_ring, old_standard_altar,
          gammafunk_ghost_wrathful_warriors, corexii_item_surrounded_by_moat
D:8:      layout_basic, minitemple, due_unseen_surprise
D:9:      minmay_separated_statues, layout_loops_ring,
          nicolae_hepliaklqana_hippocampus, serial_shops, nicolae_stop_n_shop_1
Temple:   regret_index_temple_waves

Skill      XL: |  1  2  3  4  5  6  7  8  9 10 |
---------------+-------------------------------+-----
Armour         | 4 5 6 7 |  7.3
Maces & Flails | 3 4 5 7 8 |  8.6
Fighting       | 4 5 6 8 |  8.5
Shields        | 4 5 |  5.0
Dodging        | 1 2 3 |  3.1
Stealth        | 1 |  1.2
Polearms       | 1 |  1.9
Throwing       | |  0.3

Action                     |  1- 3 |  4- 6 |  7- 9 | 10-12 || total
---------------------------+-------+-------+-------+-------++-------
  Melee: Flail             |   112 |   150 |   329 |     6 ||   597
         Trident           |       |       |    26 |       ||    26
  Throw: Dart              |       |     1 |     6 |       ||     7
         Stone             |       |     1 |       |       ||     1
         Throwing net      |       |       |     2 |       ||     2
    Use: Scroll            |     3 |    11 |     9 |     1 ||    24
         Potion            |       |     2 |     2 |       ||     4
   Stab: Held in net/web   |       |       |     1 |       ||     1
 Armour: Scale mail        |    91 |    86 |   270 |       ||   447
         Steam dragon scal |       |       |     3 |     3 ||     6
  Dodge: Dodged            |    82 |    51 |   196 |     4 ||   333
  Block: Buckler           |    34 |    34 |    81 |     3 ||   152

Table legend: (Time is in decaauts)
 A = Elapsed time spent in this place.
 B = Non-inter-level travel time spent in this place.
 C = Inter-level travel time spent in this place.
 D = Time resting spent in this place.
 E = Time spent auto-exploring this place.
 F = Levels seen in this place.
 G = Mean time per level.
                   A        B        C        D        E       F      G
               +--------+--------+--------+--------+--------+-----+--------+
         Total |  10076 |   9682 |    394 |   2394 |   3290 |  10 | 1007.6 |
       Dungeon |   9925 |   9570 |    355 |   2394 |   3241 |   9 | 1102.8 |
        Temple |    151 |    112 |     39 |      0 |     49 |   1 |  151.0 |
               +--------+--------+--------+--------+--------+-----+--------+

Top non-repeatable levels by time:
     D:4: 1891 daAuts
     D:5: 1501 daAuts
     D:8: 1325 daAuts
     D:3: 1311 daAuts
     D:6: 1104 daAuts
     D:2: 1020 daAuts
     D:1: 904 daAuts
     D:7: 832 daAuts
  Temple: 151 daAuts
     D:9: 33 daAuts
